 Dungeon Crawl Stone Soup version 0.32-a0-120-gfac0567ad4 (webtiles) character file.

Game seed: 11339056205511049412

60 cowhearter the Slasher (level 3, 0/27 HPs)
             Began as a Demonspawn Gladiator on Feb 7, 2024.
             Slain by a scorpion (2 damage)
             ... on level 2 of the Dungeon.
             The game lasted 00:02:01 (934 turns).

cowhearter the Slasher (Demonspawn Gladiator)        Turns: 934, Time: 00:02:02

Health: 0/27       AC:  8    Str: 16    XL:     3   Next: 80%
Magic:  3/3        EV: 12    Int:  8    God:
Gold:   82         SH:  0    Dex: 14    Spells: 2/2 levels left

rFire   . . .        a - +0 long sword
rCold   . . .        (no shield)
rNeg    . . .        b - +0 leather armour
rPois   .            c - +0 helmet
rElec   .            l - scarf {repulsion}
rCorr   .            (no gloves)
SInv    .            (no boots)
Will    .....        (no amulet)
Stlth   +            m - +4 ring of protection
HPRegen 0.24/turn    (no ring)
MPRegen 0.08/turn

%: repel missiles
@: lethally poisoned (0 -> -4)
A: spiny 1
a: no special abilities


You were on level 2 of the Dungeon.
You visited 1 branch of the dungeon, and saw 2 of its levels.

You collected 82 gold pieces.

Inventory:

Hand Weapons
 a - a +0 long sword (weapon)
Missiles
 d - 3 throwing nets (quivered)
 e - a javelin
 j - 6 curare-tipped darts
Armour
 b - a +0 leather armour (worn)
 c - a +0 helmet (worn)
 l - a scarf of repulsion (worn)
Jewellery
 m - a +4 ring of protection (left hand)
 q - a ring of fire
Scrolls
 n - a scroll of enchant armour {unknown}
 p - 2 scrolls of identify {unknown}
 r - a scroll of torment {unknown}
Potions
 f - 3 potions of heal wounds {unknown}
 g - 2 potions of cancellation {unknown}
 h - a potion of curing {unknown}
 i - a potion of degeneration {unknown}
 k - 2 potions of lignification {unknown}
 o - a potion of resistance {unknown}


   Skills:
 - Level 2.0 Fighting
 + Level 4.3 Long Blades
 - Level 1.7 Throwing
 - Level 2.6 Dodging


You had 2 spell levels left.
You didn't know any spells.
Your spell library contained the following spells:

 Spells                   Type           Power      Damage    Failure   Level
 Leda's Liquefaction      Alch/Erth      0%         N/A       99%         4
 Summon Mana Viper        Hex/Summ       0%         N/A       100%        5


Dungeon Overview and Level Annotations

Branches:
Dungeon (2/15)

Altars:
Hepliaklqana


Innate Abilities, Weirdness & Mutations

You are partially covered in sharp spines.


Message History

The scorpion is struck by your spines.
The scorpion stings you but does no damage.
The adder is struck by your spines. The adder barely misses you.
You barely miss the adder.
The adder is heavily wounded.
The adder bites you but does no damage. The scorpion is struck by your spines.
The scorpion stings you but does no damage.
You completely miss the adder.
The adder is heavily wounded.
The adder is struck by your spines. The adder bites you.
You are poisoned.
The adder poisons you! The scorpion stings you.
The adder is struck by your spines.
You kill the adder!
The scorpion stings you.
You closely miss the scorpion.
The scorpion is moderately wounded.
You feel sick. The scorpion is struck by your spines.
The scorpion stings you but does no damage.
You closely miss the scorpion.
The scorpion is moderately wounded.
You feel sick.
The scorpion stings you but does no damage.
The scorpion is struck by your spines. The scorpion stings you.
You are lethally poisoned!
The scorpion poisons you!
You feel very sick.
You feel very sick.
* * * LOW HITPOINT WARNING * * *
You feel very sick. The scorpion attacks as it pursues you!
The scorpion closely misses you.
* * * LOW HITPOINT WARNING * * *
You feel sick. The scorpion attacks as it pursues you! The scorpion misses you.
You barely miss the scorpion.
The scorpion is heavily wounded.
* * * LOW HITPOINT WARNING * * *
You feel sick. The scorpion is struck by your spines.
The scorpion closely misses you. The scorpion is struck by your spines.
The scorpion stings you.
You die...

.# ... ....
....###########..
#...............
#......†......
###....†...###
#s######.# #@# .#
#.# #.##### #
#.....##### .##
..#
#####.....#####...
#.##
#####.........
####..####
######..#...#
#........#
#......<...###
#........###
..#####..###


You could see a scorpion.

Vanquished Creatures
  Terence (D:2)
  An adder (D:2)
  2 ball pythons
  An endoplasm (D:1)
  A giant cockroach (D:2)
  A goblin (D:2)
  6 hobgoblins
  2 quokkas
  3 bats
  2 frilled lizards (D:2)
  2 kobolds
  5 rats
27 creatures vanquished.

Notes
Turn   | Place    | Note
-------+----------+-------------------------------------------
     0 | D:1      | cowhearter the Demonspawn Gladiator began the quest for the
                  | Orb.
     0 | D:1      | Reached XP level 1. HP: 16/16 MP: 1/1
   225 | D:1      | Got Leepa's Compilation of the Secret Knives
   261 | D:1      | Reached skill level 3 in Long Blades
   352 | D:1      | Gained mutation: You are partially covered in sharp spines.
                  | [demonic ancestry]
   352 | D:1      | Reached XP level 2. HP: 17/22 MP: 2/2
   817 | D:2      | Found a hazy altar of Hepliaklqana.
   829 | D:2      | Noticed Terence
   842 | D:2      | Killed Terence
   843 | D:2      | Reached skill level 4 in Long Blades
   843 | D:2      | Reached XP level 3. HP: 17/27 MP: 3/3
   920 | D:2      | Noticed a scorpion
   934 | D:2      | Slain by a scorpion

Illustrated notes

Levels and vault maps discovered:
D:1:      ncdulo_halloftheorcs, layout_loops_ring
D:2:      layout_rooms, basic_altar, kennysheep_generic_room_9, uniq_jessica,
          uniq_robin, uniq_terence

Skill      XL: |  1  2 |
---------------+-------+-----
Long Blades    | 3 4 |  4.3
Fighting       | |  2.0
Throwing       | |  1.7
Dodging        | |  2.6

Action                     || total
---------------------------++-------
  Melee: Long sword        ||    71
         Punch             ||     1
 Armour: Leather armour    ||    43
  Dodge: Dodged            ||    55

Table legend: (Time is in decaauts)
 A = Elapsed time spent in this place.
 B = Non-inter-level travel time spent in this place.
 C = Inter-level travel time spent in this place.
 D = Time resting spent in this place.
 E = Time spent auto-exploring this place.
 F = Levels seen in this place.
 G = Mean time per level.
                   A        B        C        D        E       F      G
               +--------+--------+--------+--------+--------+-----+--------+
         Total |    948 |    869 |     79 |      0 |    667 |   2 |  474.0 |
       Dungeon |    948 |    869 |     79 |      0 |    667 |   2 |  474.0 |
               +--------+--------+--------+--------+--------+-----+--------+

Top non-repeatable levels by time:
     D:1: 741 daAuts
     D:2: 207 daAuts
